 Dungeon Crawl Stone Soup version 0.30.1-11-g7821555f0a (webtiles) character file.

Game seed: 618973507975943410

319 boopmooplesden the Covered (level 6, -1/54 HPs)
             Began as an Armataur Fighter on Nov 12, 2023.
             Slain by Pikel
             ... wielding a +1 whip of flaming
              (8 damage)
             ... on level 4 of the Dungeon.
             The game lasted 00:05:32 (3034 turns).

boopmooplesden the Covered (Armataur Fighter)       Turns: 3034, Time: 00:05:33

Health: -1/54      AC:  8    Str: 23    XL:     6   Next: 21%
Magic:  6/6        EV:  6    Int:  8    God:
Gold:   178        SH:  5    Dex: 10    Spells: 5/5 levels left

rFire   . . .        a - +0 long sword (flame)
rCold   . . .        c - +1 buckler
rNeg    . . .        j - +0 chain mail
rPois   .            (no helmet)
rElec   .            (no cloak)
rCorr   .            (no gloves)
SInv    .            (no barding)
Will    .....        (no amulet) Stlth
                     (no ring)
HPRegen 0.29/turn    (no ring)
MPRegen 0.10/turn

%: roll
@: no status effects
A: large, rugged brown scales 3, deformed body, armoured tail, roll, long
tongue, awkward tongue
a: no special abilities


You were on level 4 of the Dungeon.
You visited 1 branch of the dungeon, and saw 4 of its levels.

You collected 178 gold pieces.

Inventory:

Hand Weapons
 a - a +0 long sword of flaming (weapon)
 b - a +0 sling
 d - a +0 whip of draining
Missiles
 e - a throwing net (quivered)
Armour
 c - a +1 buckler (worn)
 j - a +0 chain mail (worn)
 n - a +0 scale mail
Jewellery
 h - a ring of protection from fire
 m - a ring of see invisible
Wands
 q - a wand of charming (16)
Scrolls
 l - a scroll of summoning
 p - a scroll of brand weapon
Potions
 f - a potion of ambrosia {unknown}
 g - 2 potions of lignification
 k - a potion of attraction {unknown}
 r - a potion of curing
 s - a potion of cancellation
 u - a potion of magic
 v - a potion of mutation {unknown}
 x - a potion of brilliance {unknown}


   Skills:
 + Level 3.5 Fighting
 + Level 3.7 Long Blades
 + Level 0.2 Ranged Weapons
 + Level 5.2 Armour
 + Level 0.5 Dodging
 + Level 4.4 Shields


You had 5 spell levels left.
You didn't know any spells.
Your spell library contained the following spells:

 Spells                   Type           Power      Damage    Failure   Level
 Beastly Appendage        Tmut           0%         N/A       96%         1
 Ignite Poison            Fire/Tmut/Pois 0%         N/A       100%        3
 Vhi's Electric Charge    Tloc/Air       0%         N/A       100%        3
 Sticky Flame             Conj/Fire      0%         2d3       100%        4
 Arcjolt                  Conj/Air       0%         1d10      100%        5
 Silence                  Hex/Air        0%         N/A       100%        5
 Conjure Ball Lightning   Conj/Air       0%         3x3d6     100%        6
 Plasma Beam              Fire/Air       0%         2x1d11    100%        6
 Ignition                 Fire           0%         3d3       100%        8
 Maxwell's Capacitive Co  Air            0%         ∞         100%        8


Dungeon Overview and Level Annotations

Branches:
Dungeon (4/15)
 Temple: D:4-7

Altars:

Annotations:
D:4 Dowan, Duvessa, Ijyb, Pikel


Innate Abilities, Weirdness & Mutations

You are completely covered in rugged brown scales. (AC +3, +7% HP)
Armour fits poorly on your strangely shaped body.
You have a long armoured tail.
You roll when moving toward enemies. (Rampage)
Your long tongue fully drains potion bottles. (2x potion effects)
Your tongue gives you trouble enunciating. (1.5x scroll delay)


Message History

Pikel burns you.
Pikel hits you with a +1 whip of flaming!
Pikel burns you.
Okay, then.
Blink to where?
Press: ? - help, Dir - move target As you slowly read the scroll labelled DIYTIR HITUYNT, it crumbles to dust.
It was a scroll of blinking.
As you slowly read the scroll labelled FUFAOX XOUNEM, it crumbles to dust.
The scroll dissolves into smoke.
It was a scroll of fog.
Okay, then.
You roll towards Pikel!
You closely miss Pikel.
Pikel is lightly wounded.
Pikel hits you with a +1 whip of flaming.
Pikel burns you.
You barely miss Pikel.
Pikel is lightly wounded.
Pikel hits you with a +1 whip of flaming.
Pikel burns you.
You hit Pikel. You burn Pikel.
Your tail-slap misses Pikel.
Pikel is lightly wounded.
Pikel barely misses you.
You hit Pikel but do no damage.
Your tail-slap misses Pikel.
Pikel is lightly wounded.
Pikel hits you but does no damage. Pikel barely misses you.
You closely miss Pikel. You tail-slap Pikel.
Pikel is lightly wounded.
Pikel hits you with a +1 whip of flaming!
Pikel burns you.
* * * LOW HITPOINT WARNING * * *
You hit Pikel. You burn Pikel.
Pikel is moderately wounded.
Pikel hits you with a +1 whip of flaming.
* * * LOW HITPOINT WARNING * * *
Pikel burns you.
* * * LOW HITPOINT WARNING * * *
You closely miss Pikel. You tail-slap Pikel.
Pikel is moderately wounded.
Pikel hits you with a +1 whip of flaming!
You die...

....# .. .##..# 5.. .# #...
#. ###+## ?... .# ###. .
#.##≈≈.≈# .....
.#########.##..+[.#≈#......
...)†..........#≈#5g55?..[.
..###########..#≈5≈≈#......
e.....########§##K### .#.[.
#.###.........§§@§.# # #
#...g.....####§§####
..#...###.## #§§§## .....##
#..#####.§#
#.##.#####........#
#..#.#......###..##
##.....###### #.....
...#.......## ##...#..
............######...


You could see Pikel, 4 lemures and Ijyb.

Vanquished Creatures
  2 hounds (D:4)
  A sleepcap (D:4)
  2 iguanas (D:4)
  Natasha (twice) (D:2)
  3 adders
  A dart slug (D:4)
  11 orcs
  4 ball pythons
  7 bats
  8 endoplasms
  4 giant cockroaches
  12 goblins
  8 hobgoblins
  8 kobolds
  3 quokkas
  8 frilled lizards
  7 rats
91 creatures vanquished.

Notes
Turn   | Place    | Note
-------+----------+-------------------------------------------
     0 | D:1      | boopmooplesden the Armataur Fighter began the quest for the
                  | Orb.
     0 | D:1      | Reached XP level 1. HP: 19/19 MP: 1/1
   122 | D:1      | Reached XP level 2. HP: 26/26 MP: 2/2
   147 | D:1      | Reached skill level 4 in Armour
   335 | D:1      | Reached XP level 3. HP: 33/33 MP: 3/3
   616 | D:2      | Noticed Natasha
   634 | D:2      | Killed Natasha
  1006 | D:2      | Reached XP level 4. HP: 35/35 MP: 4/4
  1367 | D:2      | Noticed Natasha
  1378 | D:2      | Killed Natasha
  2577 | D:4      | Reached XP level 5. HP: 46/47 MP: 5/5
  2598 | D:4      | Got the Handbook of the Mutagenic Sixfirhy
  2819 | D:4      | Noticed Dowan
  2858 | D:4      | Noticed Duvessa
  3015 | D:4      | Reached XP level 6. HP: 54/54 MP: 6/6
  3019 | D:4      | Noticed Pikel
  3022 | D:4      | Noticed Ijyb
  3025 | D:4      | Reached skill level 5 in Armour
  3034 | D:4      | Slain by Pikel

Illustrated notes

Levels and vault maps discovered:
D:1:      ebering_hopf_link, layout_rooms
D:2:      layout_basic, lexackson_kobold_supper, uniq_natasha
D:3:      layout_rooms, minivault_25
D:4:      layout_rooms, kennysheep_generic_room_14, uniq_pikel, uniq_duvessa,
          uniq_ijyb

Skill      XL: |  1  2  3  4  5  6 |
---------------+-------------------+-----
Long Blades    | 2 3 |  3.7
Armour         | 4 5 |  5.2
Fighting       | 3 |  3.5
Shields        | 4 |  4.4
Ranged Weapons | |  0.2
Dodging        | |  0.5

Action                     |  1- 3 |  4- 6 || total
---------------------------+-------+-------++-------
  Melee: Long sword        |   108 |   184 ||   292
         Tailslap          |     6 |    18 ||    24
   Fire: Sling             |     6 |       ||     6
    Use: Potion            |     1 |     3 ||     4
         Scroll            |       |    15 ||    15
 Armour: Scale mail        |    72 |    64 ||   136
         Chain mail        |       |    34 ||    34
  Dodge: Dodged            |    44 |    65 ||   109
  Block: Buckler           |    32 |    45 ||    77
